 Dungeon Crawl Stone Soup version 0.26.0-10-g1f06aea511 (webtiles) character file.

Game seed: 12677834655379207046

1891 Arum the Grappler (level 9, -21/81 HPs)
             Began as a Ghoul Monk on Jan 20, 2021.
             Was an Elder of Makhleb.
             Demolished by an ogre
             ... wielding a +0 giant spiked club
              (25 damage)
             ... on level 5 of the Dungeon.
             The game lasted 00:09:39 (6180 turns).

Arum the Grappler (Ghoul Monk)                      Turns: 6180, Time: 00:09:40

Health: -21/81     AC:  6    Str: 18    XL:     9   Next: 15%
Magic:  8/8        EV: 12    Int:  5    God:    Makhleb [****..]
Gold:   294        SH:  5    Dex: 11    Spells: 8/8 levels left

rFire    . . .     SeeInvis .     - Unarmed
rCold    + . .     Faith    .   (no shield)
rNeg     + + +     Spirit   .   i - +0 scale mail
rPois    ∞         Reflect  +   (no helmet)
rElec    .         Harm     .   (no cloak)
rCorr    .         Rampage  .   (no gloves)
Will     .....                  (no boots)
Stlth    ..........             h - amulet of reflection
HPRegen  0.00/turn              p - ring of wizardry
MPRegen  0.11/turn              (no ring)

@: no status effects
A: claws 1, cold resistance 1, negative energy resistance 3, inhibited
regeneration, torment resistance, unbreathing
a: Renounce Religion, Minor Destruction, Lesser Servant of Makhleb, Major
Destruction


You were on level 5 of the Dungeon.
You worshipped Makhleb.
Makhleb was greatly pleased with you.
You visited 1 branch of the dungeon, and saw 6 of its levels.

You collected 294 gold pieces.

Inventory:

Missiles
 b - 2 throwing nets (quivered)
Armour
 i - a +0 scale mail (worn)
Jewellery
 h - an amulet of reflection (around neck)
 p - a ring of wizardry (left claw)
Wands
 a - a wand of iceblast (7)
 q - a wand of polymorph (8)
 r - a wand of random effects (24)
Scrolls
 c - 7 scrolls of remove curse
 f - 3 scrolls of teleportation
 g - a scroll of enchant weapon
 j - 4 scrolls of immolation
 k - a scroll of holy word {unknown}
 t - a scroll of identify
Potions
 d - a potion of heal wounds
 e - a potion of curing
 l - 2 potions of might {unknown}
 m - 3 potions of flight {unknown}
 n - a potion of invisibility {unknown}
 o - 3 potions of ambrosia
 s - a potion of attraction {unknown}
 u - a potion of resistance


   Skills:
 + Level 8.0 Fighting
 + Level 6.7 Dodging
 - Level 2.1 Stealth
 + Level 8.1 Unarmed Combat


You had 8 spell levels left.
You didn't know any spells.
Your spell library was empty.

Dungeon Overview and Level Annotations

Branches:
Dungeon (6/15)             Temple (0/1) D:5

Altars:
Makhleb
Ru

Annotations:
D:4 2 runed translucent doors, Dracia's ghost, novice KoEn


Innate Abilities, Weirdness & Mutations

You thrive by killing the living.
You are immune to poison.
You have sharp fingernails.
Your flesh is cold resistant. (rC+)
You are immune to negative energy. (rN+++)
You do not regenerate when monsters are visible.
You are immune to unholy pain and torment.
You can survive without breathing.


Message History

You feel better.
You scratch the ogre.
The ogre is lightly wounded.
The ogre misses you.
You claw the ogre!
The ogre is severely wounded.
The ogre completely misses you.
You scratch the ogre but do no damage.
The ogre is severely wounded.
You scratch the ogre.
The ogre is severely wounded.
The ogre hits you with a +0 giant spiked club!!
* * * LOW HITPOINT WARNING * * *
You scratch the ogre but do no damage.
The ogre is severely wounded.
Unknown command.
You barely miss the ogre.
The ogre is severely wounded.
The ogre hits you with a +0 giant spiked club!!
You die...

# #.##[###.##.#.## #######
#####.##....<......# ......#
#...........###.#### ......#
#.###.#...........#
......####.###.#.###.#######
......'......>.......#
......####.###.#S#####
.....## #.# #.#O# .....# #.#
#.#@# .....# #.# #.#.#
.##### #.# #.#.# .# #.#
#.#.# .# #.# #.#.# .# #.#
#.#.# .# #.###.#.## .#
#........# ##
###########.#..#


You could see an ogre and an adder.

Vanquished Creatures
  Grinder (D:6)
  Prince Ribbit (D:5)
  Sigmund (D:5)
  Duvessa (D:5)
  A black bear (D:6)
  A sky beast (D:5)
  2 phantoms (D:5)
  2 ogres (D:4)
  Blork the orc (D:5)
  A bullfrog (D:5)
  Dowan (D:5)
  A centaur zombie (D:5)
  A hound (D:2)
  A bullfrog skeleton (D:5)
  Jessica (D:2)
  Natasha (twice) (D:2)
  Ijyb (D:5)
  An iguana (D:5)
  2 worker ants
  7 gnolls
  9 adders
  A shadow imp (D:5)
  A white imp (D:5)
  3 oozes
  A worm (D:2)
  3 dart slugs (D:1)
  2 leopard geckos
  9 orcs
  8 giant cockroaches
  7 hobgoblins
  3 jackals (D:4)
  2 quokkas
  A ball python (D:3)
  8 bats
  6 frilled lizards
  A giant cockroach zombie (D:5)
  8 goblins
  A jackal zombie (D:5)
  7 kobolds
  8 rats
119 creatures vanquished.

Notes
Turn   | Place    | Note
-------+----------+-------------------------------------------
     0 | D:1      | Arum the Ghoul Monk began the quest for the Orb.
     0 | D:1      | Reached XP level 1. HP: 19/19 MP: 0/0
   162 | D:1      | Reached XP level 2. HP: 6/26 MP: 1/1
   797 | D:1      | Reached XP level 3. HP: 31/33 MP: 2/2
  1417 | D:2      | Found a burning altar of Makhleb.
  1433 | D:2      | Reached XP level 4. HP: 11/40 MP: 3/3
  1435 | D:2      | Became a worshipper of Makhleb the Destroyer
  1435 | D:2      | Reached * piety under Makhleb
  1435 | D:2      | Reached ** piety under Makhleb
  1685 | D:2      | Noticed Jessica
  1693 | D:2      | Killed Jessica
  1750 | D:2      | Noticed Natasha
  1767 | D:2      | Killed Natasha
  1768 | D:2      | Reached XP level 5. HP: 9/47 MP: 4/4
  2198 | D:2      | Noticed Natasha
  2205 | D:2      | Killed Natasha
  2824 | D:3      | Reached *** piety under Makhleb
  2920 | D:3      | Reached XP level 6. HP: 11/55 MP: 5/5
  2927 | D:3      | Reached skill level 5 in Unarmed Combat
  3505 | D:4      | Reached skill level 5 in Fighting
  3729 | D:4      | Found a large runed translucent door.
  3729 | D:4      | Found a large runed translucent door.
  3733 | D:4      | Noticed Dracia's ghost (novice KoEn)
  3891 | D:4      | Reached XP level 7. HP: 25/61 MP: 6/6
  4916 | D:5      | Entered Level 5 of the Dungeon
  4969 | D:5      | Reached skill level 5 in Dodging
  5057 | D:5      | Noticed Ijyb
  5075 | D:5      | Killed Ijyb
  5312 | D:5      | Found a staircase to the Ecumenical Temple.
  5339 | D:5      | Noticed Sigmund
  5352 | D:5      | Killed Sigmund
  5353 | D:5      | Reached XP level 8. HP: 69/71 MP: 7/7
  5360 | D:5      | Noticed Duvessa
  5362 | D:5      | Noticed Dowan
  5379 | D:5      | Killed Duvessa
  5397 | D:5      | Killed Dowan
  5576 | D:5      | Noticed Prince Ribbit
  5597 | D:5      | Killed Prince Ribbit
  5772 | D:5      | Found a sacrificial altar of Ru.
  5943 | D:5      | Reached **** piety under Makhleb
  6021 | D:5      | Noticed Blork the orc
  6028 | D:5      | Killed Blork the orc
  6094 | D:6      | Reached XP level 9. HP: 80/80 MP: 8/8
  6137 | D:6      | Noticed Grinder
  6151 | D:6      | Killed Grinder
  6178 | D:5      | HP: 4/81 [ogre/+0 giant spiked club (30)]
  6180 | D:5      | Demolished by an ogre

Illustrated notes

Levels and vault maps discovered:
D:1:      evilmike_arrival_plus, layout_loops_corners, minmay_surrounded
D:2:      layout_loops_cross, makhleb_heckhound_becter, uniq_jessica,
          uniq_natasha
D:3:      layout_basic
D:4:      layout_basic, ebering_ghost_disaster_area, grunt_ministairs_13
D:5:      layout_basic, hangedman_ru_absence, minmay_temple_entry_nine_rooms,
          minmay_strange_pillars, kennysheep_small_spiral, uniq_ijyb,
          uniq_prince_ribbit1, uniq_duvessa, uniq_blork_the_orc, uniq_sigmund
D:6:      layout_layer_cave, uniq_grinder

Skill      XL: |  1  2  3  4  5  6  7  8  9 |
---------------+----------------------------+-----
Dodging        | 3 4 5 6 |  6.7
Fighting       | 4 5 6 7 8 |  8.0
Unarmed Combat | 4 5 6 7 8 |  8.1
Stealth        | |  2.1

Action                   |  1- 3 |  4- 6 |  7- 9 || total
-------------------------+-------+-------+-------++-------
Melee: Unarmed           |   100 |   171 |   222 ||   493
       Punch             |     2 |     8 |     5 ||    15
Evoke: Wand              |       |       |     2 ||     2
  Use: Scroll            |       |       |     9 ||     9
       Potion            |       |       |     2 ||     2
 Stab: Sleeping          |     7 |     4 |       ||    11
       Distracted        |       |     1 |       ||     1
Armor: Robe              |    27 |    10 |     4 ||    41
       Scale mail        |       |       |    25 ||    25
Dodge: Dodged            |    75 |    99 |   102 ||   276
Block: Other             |       |    31 |    48 ||    79
       Reflection        |       |       |     1 ||     1
